 Dungeon Crawl Stone Soup version 0.29-a0-1027-gcd8c55af63 (webtiles) character file.

Game seed: 8796921089334080515

186 Monkooky the Trooper (level 5, 0/43 HPs)
             Began as a Demonspawn Artificer on Aug 13, 2022.
             Was a Believer of Wu Jian.
             Engulfed by a cloud of flame (10 damage)
             ... on level 3 of the Dungeon.
             The game lasted 00:09:36 (3914 turns).

Monkooky the Trooper (Demonspawn Artificer)         Turns: 3914, Time: 00:09:36

Health: 0/43       AC: 11    Str: 15    XL:     5   Next: 38%
Magic:  14/14      EV: 10    Int: 18    God:    Wu Jian [**....]
Gold:   119        SH:  0    Dex: 13    Spells: 4/4 levels left

rFire   . . .      SeeInvis .   f - +0 dagger
rCold   . . .      Faith    .   (no shield)
rNeg    . . .      Spirit   .   x - +0 ring mail
rPois   .          Reflect  .   (no helmet)
rElec   .          Harm     .   h - +2 cloak of a bailey {MP+9}
rCorr   .          Rampage  .   p - +0 pair of gloves
Will    .....                   (no boots)
Stlth   +.........              s - amulet of magic regeneration
HPRegen 0.14/turn               u - +6 ring of intelligence
MPRegen 0.54/turn               (no ring)

@: lethally poisoned (0 -> -7)
A: yellow scales 1, foul stench 1
a: Renounce Religion, Wall Jump


You were on level 3 of the Dungeon.
You worshipped Wu Jian.
Wu Jian was pleased with you.
You visited 1 branch of the dungeon, and saw 4 of its levels.

You collected 119 gold pieces.

Inventory:

Hand Weapons
 a - a +0 club
 f - a +0 dagger (weapon)
 g - a +0 sling
 m - a +2 sling of freezing
 r - a +0 long sword
Missiles
 j - 8 poisoned darts
 v - 5 boomerangs of dispersal
Armour
 b - a +0 leather armour
 h - the +2 cloak of a bailey (worn) {MP+9}
   (You acquired it on level 3 of the Dungeon)

   MP:        It affects your magic capacity (+9).
 p - a +0 pair of gloves (worn)
 x - a +0 ring mail (worn)
 A - a +0 plate armour
Jewellery
 s - an amulet of magic regeneration (around neck)
 u - a +6 ring of intelligence (left hand)
Wands
 c - a wand of flame (11) (quivered)
 d - a wand of charming (15)
 e - a wand of iceblast (9)
Scrolls
 i - a scroll of torment
 k - 2 scrolls of poison {unknown}
 n - a scroll of blinking
 q - a scroll of magic mapping {unknown}
 t - a scroll of teleportation
 y - a scroll of fear {unknown}
 z - a scroll of enchant weapon {unknown}
 C - a scroll of enchant armour {unknown}
 D - 2 scrolls of identify
Potions
 l - 3 potions of degeneration {unknown}
 w - a potion of lignification {unknown}
 B - a potion of haste {unknown}


   Skills:
 - Level 4.6 Fighting
 + Level 0.0 Maces & Flails
 - Level 1.7 Throwing
 - Level 1.7 Armour
 - Level 0.8 Dodging
 - Level 0.8 Stealth
 - Level 3.3 Evocations


You had 4 spell levels left.
You didn't know any spells.
Your spell library contained the following spells:

 Spells                   Type           Power      Damage    Failure   Level
 Slow                     Hex            0%         N/A       38%         1
 Confusing Touch          Hex            0%         N/A       77%         3
 Vampiric Draining        Necr           0%         2d6       77%         3


Dungeon Overview and Level Annotations

Branches:
Dungeon (4/15)
 Temple: D:4-7

Altars:
Wu Jian


Innate Abilities, Weirdness & Mutations

You are partially covered in yellow scales. (AC +2)
You may rarely emit foul miasma when damaged in melee.


Message History

The orc attacks as you move away!
The orc hits you with a +2 whip of venom.
Osoart's ghost lets out a mournful wail.
Really read the scroll of immolation?
As you read the scroll of immolation, it crumbles to dust.
The creatures around you are filled with an inner flame!
The orc barely misses you.
You hit the orc but do no damage. The orc closely misses you.
You hit the orc but do no damage. The orc closely misses you.
You closely miss the orc.
The orc hits you with a +2 whip of venom.
You are poisoned.
Aiming: Throw Flame
Press: ? - help, Q - select action, (/) - cycle Shift-Dir - straight line, f - orc
Aim: an orc, wielding a +2 whip of venom and wearing a +0 ring mail (inner flame, 75% to hit)
The puff of flame misses the orc.
The puff of flame hits the orc!
The Council accepts your kill.
The orc explodes!
The fiery explosion engulfs the orc!!!
The Council accepts your kill.
The fiery explosion engulfs osoart's ghost!!!
The Council accepts your kill.
The fiery explosion engulfs the orc!!
The Council accepts your kill.
The fiery explosion engulfs the orc!!
The Council accepts your kill.
The fiery explosion engulfs the orc!
The Council accepts your kill.
The orc explodes!
The fiery explosion engulfs the orc!!!
The Council accepts your kill.
The orc explodes!
The fiery explosion engulfs the orc!!
The Council accepts your kill.
The orc explodes! x3; Osoart's ghost explodes!
The orc explodes!
The fiery explosion engulfs you!!
Ouch! That really hurt!
* * * LOW HITPOINT WARNING * * *
You are engulfed in blazing flames.
You die...

########........8########...
#.........#.....8#.##
#.........#..##..#.##
##.........#..#8..####
#######......##..#..##..#.##
#........#.####..#.#....#...
#..........# ##.§'.#...[###.
#.........####§§§'.#.8._#...
#..........@§§§§§'.#...[###.
#.......[####§§§§#.#....##..
####..#..# ##§..#..##..#..#
###..#.#######..#..#8..#.##
#...##..........#.[##..#<..
##.#.##..........#.....8#...
#...............8########...
######......................
#.#.......###...#######


There were no monsters in sight!

Vanquished Creatures
  The ghost of osoart the Ruffian, an amateur TrMo (D:3)
  A phantom (D:4)
  A hound (D:3)
  2 adders
  A worm (D:3)
  4 dart slugs
  8 orcs (D:3)
  4 ball pythons
  9 bats
  3 endoplasms
  3 giant cockroaches
  3 goblins
  4 hobgoblins
  3 jackals (D:3)
  5 quokkas
  A frilled lizard (D:1)
  3 kobolds
  A rat (D:2)
57 creatures vanquished.

Notes
Turn   | Place    | Note
-------+----------+-------------------------------------------
     0 | D:1      | Monkooky the Demonspawn Artificer began the quest for the
                  | Orb.
     0 | D:1      | Reached XP level 1. HP: 15/15 MP: 1/1
   164 | D:2      | Reached skill level 2 in Fighting
   164 | D:2      | Gained mutation: You may rarely emit foul miasma when
                  | damaged in melee. [demonic ancestry]
   164 | D:2      | Reached XP level 2. HP: 7/22 MP: 2/2
  1255 | D:1      | Prayed at the altar of an unknown god.
  1255 | D:1      | Became a worshipper of the Wu Jian Council
  1255 | D:1      | Reached * piety under Wu Jian
  1399 | D:3      | Reached skill level 1 in Throwing
  1765 | D:1      | Reached XP level 3. HP: 26/27 MP: 3/3
  2715 | D:3      | Reached ** piety under Wu Jian
  2716 | D:3      | Found a runed translucent gate.
  2722 | D:3      | Found a runed translucent gate.
  2723 | D:3      | Found a runed translucent gate.
  2723 | D:3      | Noticed osoart's ghost (amateur TrMo)
  2938 | D:3      | Reached XP level 4. HP: 34/34 MP: 4/4
  3107 | D:3      | Reached skill level 3 in Fighting
  3338 | D:3      | Identified a scroll of acquirement
  3339 | D:3      | Acquired the +2 cloak of a bailey {MP+9}
  3514 | D:4      | Noticed a phantom
  3670 | D:4      | Killed a phantom
  3671 | D:4      | Reached skill level 4 in Fighting
  3671 | D:4      | Gained mutation: You are partially covered in yellow
                  | scales. (AC +2) [demonic ancestry]
  3671 | D:4      | Reached XP level 5. HP: 23/43 MP: 5/5
  3914 | D:3      | Killed osoart's ghost
  3914 | D:3      | Engulfed by a cloud of flame

Illustrated notes

Levels and vault maps discovered:
D:1:      spicycebolla_arrival_ecumenical, layout_loops_ring,
          kennysheep_flooded_box, supply_closet_lemuel, minmay_misc_feat_hallway
D:2:      layout_basic
D:3:      layout_rooms, biasface_ghost_orc_armoury, amethyst_killhole
D:4:      layout_gridville, mainiacjoe_overflow_alcove_4, uniq_blork_the_orc,
          uniq_sigmund

Skill      XL: |  1  2  3  4 |
---------------+-------------+-----
Fighting       | 2 4 |  4.6
Throwing       | 1 |  1.7
Armour         | |  1.7
Dodging        | |  0.8
Stealth        | |  0.8
Evocations     | |  3.3

Action                   |  1- 3 |  4- 6 || total
-------------------------+-------+-------++-------
Melee: Club              |    14 |       ||    14
       Dagger            |   130 |   120 ||   250
       Punch             |       |     1 ||     1
 Fire: Sling             |     9 |       ||     9
Invok: Whirlwind         |     4 |       ||     4
       Lunge             |    14 |     4 ||    18
 Abil: Wall Jump         |     1 |       ||     1
Evoke: Wand              |     3 |     1 ||     4
  Use: Scroll            |       |     7 ||     7
 Stab: Sleeping          |     3 |       ||     3
Armor: Leather armour    |    50 |       ||    50
       Ring mail         |    14 |    51 ||    65
Dodge: Dodged            |    97 |    59 ||   156

Table legend: (Time is in decaauts)
 A = Elapsed time spent in this place.
 B = Non-inter-level travel time spent in this place.
 C = Inter-level travel time spent in this place.
 D = Time resting spent in this place.
 E = Time spent auto-exploring this place.
 F = Levels seen in this place.
 G = Mean time per level.
                   A        B        C        D        E       F      G
               +--------+--------+--------+--------+--------+-----+--------+
         Total |   3928 |   3624 |    304 |    717 |   2081 |   4 |  982.0 |
       Dungeon |   3928 |   3624 |    304 |    717 |   2081 |   4 |  982.0 |
               +--------+--------+--------+--------+--------+-----+--------+

Top non-repeatable levels by time:
     D:2: 1703 daAuts
     D:3: 1029 daAuts
     D:1: 832 daAuts
     D:4: 363 daAuts
